 Dungeon Crawl Stone Soup version 0.30.0-19-g36f170ea60 (webtiles) character file.

Game seed: 15912540336962087701

547270 Strat the Sorcerer (level 27, -5/208 HPs)
             Began as a Djinni Fire Elementalist on May 26, 2023.
             Was the Champion of Makhleb.
             Slain by a deathcap (19 damage)
             ... summoned by a curse toe
             ... on level 1 of the Realm of Zot on May 28, 2023.
             The game lasted 04:23:55 (65827 turns).

Strat the Sorcerer (Djinni Fire Elementalist)      Turns: 65827, Time: 04:23:57

Health: -5/208     AC: 25    Str: 18    XL:     27
Gold:   7015       EV: 18    Int: 33    God:    Makhleb [******] SH: 20 Dex: 16

rFire   + + +        a - +9 demon blade (vamp)
rCold   + + +        N - +2 kite shield {reflect}
rNeg    + . .        u - +4 fire dragon scales
rPois   ∞            p - +2 hat of Wyxawati {Rampage rC++ rN+ Int+3}
rElec   +            v - +2 cloak {Will+}
rCorr   .            B - +2 pair of gloves
SInv    .            (boots unavailable)
Will    +++..        G - amulet "Tathram" {Reflect rElec rF- rC++ Int+9 SH+5} Stlth
                     h - +5 ring of evasion
HPRegen 0.54/turn    o - ring "Tokhuge" {rPois rC+ Str+3 Slay+4}
MPRegen 0.00/turn

%: reflection, rampage, infuse magic (-6 HP)
@: mighty, about to teleport, flying, slowed, studying 2 skills, very slow
A: sickness immunity, fire resistance 2, cold vulnerability 1, float, innate
caster, HP casting, extra vitality 1
}: 3/15 runes: decaying, serpentine, silver
a: Renounce Religion, Minor Destruction, Lesser Servant of Makhleb, Major
Destruction, Greater Servant of Makhleb


You were on level 1 of the Realm of Zot.
You worshipped Makhleb.
Makhleb was exalted by your worship.
You visited 10 branches of the dungeon, and saw 44 of its levels.
You also visited: Bailey and Gauntlet.

You collected 9038 gold pieces.
You spent 2023 gold pieces at shops.

Inventory:

Hand Weapons
 a - a +9 vampiric demon blade (weapon)
Missiles
 l - 3 throwing nets
Armour
 p - the +2 hat of Wyxawati (worn) {Rampage rC++ rN+ Int+3}
   (You acquired it on level 1 of the Snake Pit)

   Int:       It affects your intelligence (+3).
   rC:        It greatly protects you from cold.
   rN:        It protects you from negative energy.
   Rampage:   It bestows one free step when moving towards enemies.
 u - +4 fire dragon scales (worn)
 v - a +2 cloak of willpower (worn)
 B - a +2 pair of gloves (worn)
 J - a +0 kite shield of protection
 N - a +2 kite shield of reflection (worn)
Jewellery
 h - a +5 ring of evasion (left hand)
 m - a ring of positive energy
 o - the ring "Tokhuge" (right hand) {rPois rC+ Str+3 Slay+4}
   (You took it off a deep elf annihilator on level 3 of the Elven Halls)

   [ring of slaying]

   Str:       It affects your strength (+3).
   Slay:      It affects your accuracy & damage with ranged weapons and melee
   (+4).
   rC:        It protects you from cold.
   rPois:     It protects you from poison.
 x - an amulet of regeneration
 G - the amulet "Tathram" (around neck) {Reflect rElec rF- rC++ Int+9 SH+5}
   (You took it off a deep elf sorcerer on level 3 of the Elven Halls)

   [amulet of reflection]

   It reflects blocked missile attacks.
   Int:       It affects your intelligence (+9).
   rF:        It makes you vulnerable to fire.
   rC:        It greatly protects you from cold.
   rElec:     It insulates you from electricity.
   SH:        It affects your SH (+5).
 I - the ring "Xanoemot" {Will+ AC+4}
   (You took it off a deep elf death mage on level 3 of the Elven Halls)

   [ring of protection]

   AC:        It affects your AC (+4).
   Will:      It increases your willpower.
Wands
 q - a wand of iceblast (17)
 y - a wand of flame (161)
 E - a wand of mindburst (8)
 O - a wand of charming (22)
 X - a wand of polymorph (34)
 Y - a wand of light (9)
Scrolls
 f - 3 scrolls of teleportation
 n - a scroll of fog
 r - 8 scrolls of magic mapping
 C - 6 scrolls of immolation
 L - 4 scrolls of silence
 Q - 8 scrolls of poison
 U - 3 scrolls of enchant weapon
Potions
 c - 7 potions of lignification
 d - 15 potions of attraction
 e - 5 potions of berserk rage
 i - 8 potions of mutation
 j - 2 potions of heal wounds
 s - 2 potions of invisibility
 t - 6 potions of haste
 w - 9 potions of brilliance
 z - 17 potions of curing
 H - 10 potions of might
 K - 5 potions of cancellation
Miscellaneous
 S - a phial of floods
 Z - a condenser vane (inert)


   Skills:
 - Level 20.9 Fighting
 - Level 14.0 Long Blades
 - Level 12.0 Armour
 - Level 10.0 Dodging
 - Level 1.5 Stealth
 - Level 14.0 Shields
 + Level 25.2 Spellcasting
 - Level 14.0 Invocations


You knew the following spells:

 Your Spells              Type           Power      Damage    Failure   Level
a - Foxfire               Conj/Fire      100%       2x1d9     0%          1
b - Scorch                Fire           100%       2d9       0%          2
c - Volatile Blastmotes   Fire/Tloc      100%       2d18      0%          3
d - Inner Flame           Hex/Fire       100%       N/A       0%          3
e - Flame Wave            Conj/Fire      100%       2d21      0%          4
f - Beastly Appendage     Tmut           100%       N/A       0%          1
g - Wereblood             Tmut           100%       N/A       0%          2
h - Summon Guardian Gole  Hex/Summ       100%       N/A       0%          3
i - Summon Lightning Spi  Summ/Air       100%       N/A       0%          4
j - Fulminant Prism       Conj/Hex       59%        3d24      0%          4
k - Summon Forest         Summ/Tloc      59%        N/A       0%          5
l - Plasma Beam           Fire/Air       59%        2x1d81    0%          6
m - Spellforged Servitor  Conj/Summ      59%        N/A       1%          7
n - Malign Gateway        Summ/Tloc      59%        N/A       1%          7
o - Orb of Destruction    Conj           59%        9d14      1%          7
p - Infestation           Necr           59%        N/A       1%          8
q - Chain Lightning       Conj/Air       59%        3d78      10%         9
r - Shatter               Erth           59%        3d44*     10%         9
Your spell library was empty.

Dungeon Overview and Level Annotations

Branches:
Dungeon (15/15)            Temple (1/1) D:5            Lair (5/5) D:8
  Swamp (4/4) Lair:3        Snake (4/4) Lair:2        Slime (0/5) Lair:4
    Orc (2/2) D:10            Elf (3/3) Orc:2        Vaults (5/5) D:14
  Crypt (0/3) Vaults:2     Depths (4/4) D:15            Zot (1/5) Depths:4
 Bailey (visited)         Gauntlet (visited)

Altars:
Ashenzari
Cheibriados
Dithmenos
Elyvilon
Fedhas
Gozag
Hepliaklqana
Makhleb
Nemelex Xobeh
Okawaru
Qazlal
Ru
Trog
Uskayaw
Xom
Yredelemnul
The Shining One
Jiyva

Shops:
D:2 (   Orc:2 [(([[?[   Snake:1 *   Snake:3 [[!??[   Vaults:4 !   Depths:4 :

Portals:
Hell: Depths:1 Depths:2 Depths:3 Depths:4
Abyss: Depths:2 Depths:3
Pandemonium: Depths:2
Ziggurat: Depths:2

Annotations:
Elf:2 3 runed translucent doors
Depths:1 9 runed translucent doors, exclusion: obsidian statue, Gucom's ghost, veteran GnFi
Depths:2 exclusion: 2 orange crystal statues
Depths:3 2 transporters


Innate Abilities, Weirdness & Mutations

You are immune to sickness and miasma.
You are immune to poison.
Your flesh is very heat resistant. (rF++)
You are vulnerable to cold. (rC-)
You float through the air rather than walking.
You learn spells naturally, not from books.
Your magical power is your life essence.
You have superior vitality. (+4 MHP)


Message History

The wandering mushroom is engulfed in seething chaos.
The wandering mushroom is moving more slowly.
You block the wandering mushroom's attack.
Found six items.
As you read the scroll of teleportation, it crumbles to dust.
You feel strangely unstable.
You feel the Orb delaying your translocation!
You are engulfed in seething chaos.
You feel yourself slow down.
The curse toe gestures.
The wandering mushroom is engulfed in seething chaos.
You block the wandering mushroom's attack.
You slice the wandering mushroom like a ripe choko!!!
You destroy the wandering mushroom!
The wandering mushroom disappears in a puff of smoke!
An apocalypse crab comes into view.
The deathcap releases spores at you but does no damage.
You block the wandering mushroom's attack. x2
The deathcap releases spores at you.
* * * LOW HITPOINT WARNING * * *
The deathcap attacks as you move away! You block the deathcap's attack.
The wandering mushroom attacks as you move away!
You block the wandering mushroom's attack.
The curse toe calls on the powers of darkness!
The storm dragon convulses!
Your body is wracked with pain!
* * * LOW HITPOINT WARNING * * *
You block the deathcap's attack. The deathcap attacks as you move away!
You block the deathcap's attack.
Found 4 atropa-tipped darts.
The curse toe calls on the powers of darkness!
Your body is wracked with pain!
* * * LOW HITPOINT WARNING * * *
The curse toe calls on the powers of darkness!
Your body is wracked with pain!
* * * LOW HITPOINT WARNING * * *
The curse toe calls on the powers of darkness!
Your body is wracked with pain!
* * * LOW HITPOINT WARNING * * *
The apocalypse crab bites you but does no damage.
You block the apocalypse crab's attack. The deathcap releases spores at you!!
You die...

# ###### #.≈≈§§≈...... #
#...f# #.≈###≈...... #
#.##'##### #### #......
###.##.#..÷.. .#......
##..##.#.##..######z...^...
###.##.#.#÷..t°..fff# .....
z☼...#.#.#(##..○.f#.# D...
####.#.#.#.[()/t#f#t# ....
# #..#.#######@.#.# #
##.#..........#.# #
#...######.####.# #
##.........t.÷..# #
##.#.##..####### #.#.##..#
###.##.### ####...# ##
.....###


You could see a curse toe, 2 apocalypse crabs, 2 deathcaps and 2 wandering
mushrooms.

Vanquished Creatures
  A curse toe (Zot:1)
  2 sphinxes
  An eldritch tentacle (Depths:3)
  A shadow dragon (Vaults:4)
  Donald (Lair:3)
  A storm dragon (Vaults:5)
  A vault warden (Vaults:5)
  A frost giant (Vaults:4)
  A ghost moth (Zot:1)
  A spectral caustic shrike (Depths:4)
  An ironbound preserver (Vaults:5)
  A very ugly thing (Vaults:5)
  2 stone giants
  3 spark wasps
  An eleionoma (Swamp:1)
  A purple draconian (Zot:1)
  A rakshasa (D:13)
  An ice dragon (Depths:3)
  2 nameless horrors
  26 vault guards
  3 anacondas (Snake:1)
  A centaur warrior (D:14)
  A ghost crab (Lair:3)
  A two-headed ogre (D:11)
  A catoblepas (Lair:5)
  2 alligators
  A dancing weapon (Elf:2)
  3 death yaks
  A deep troll earth mage (Depths:3)
  A hell hog (Depths:2)
  A spriggan berserker (Depths:4)
  2 spriggans
  A deep elf knight (Elf:1)
  2 hell knights (Vaults:5)
  2 shadow wraiths
  2 deep trolls
  A glowing orange brain (Vaults:3)
  A swamp dragon (Swamp:4)
  A deep elf archer (Elf:3)
  2 wizards
  Pikel (D:5)
  2 phantasmal warriors
  2 necromancers (Vaults:5)
  6 deep elf pyromancers
  A wolf spider (D:13)
  A mana viper (Snake:1)
  2 deep elf zephyrmancers
  3 ugly things
  An orc sorcerer (Orc:2)
  A cyclops (D:14)
  2 salamanders (Snake:1)
  A rust devil (Depths:2)
  An elephant (Lair:5)
  4 apocalypse crabs (Zot:1)
  2 black mambas (Snake:1)
  2 cane toads
  A gargoyle (D:14)
  2 komodo dragons
  An unseen horror (D:13)
  A rime drake (Swamp:4)
  4 yaktaurs (Vaults:5)
  A troll (D:9)
  2 hornets
  A meliai (shapeshifter) (D:14)
  A tengu simulacrum (Depths:3)
  3 blink frogs (Lair:4)
  2 slime creatures (D:13)
  A water elemental (Depths:4)
  2 wraiths
  2 shadows (D:11)
  A fire elemental (Elf:3)
  Grum (D:7)
  3 basilisks
  2 wyverns
  7 yaks
  Eustachio (D:5)
  5 vampire mosquitoes
  A warg (Orc:2)
  An acid dragon (D:9)
  An acid dragon (shapeshifter) (Elf:3)
  8 water moccasins
  2 hell hounds (D:12)
  6 orc warriors
  A sky beast (D:6)
  An ice beast (D:8)
  A black bear (D:5)
  2 ogres
  3 wolves
  A centaur (D:7)
  4 kobold brigands
  19 bullfrogs
  5 scorpions
  4 wights
  3 killer bees (D:8)
  7 howler monkeys
  2 jellies
  Crazy Yiuf (D:3)
  2 hounds (D:5)
  6 orc priests
  19 orc wizards
  4 iguanas
  5 adders
  6 gnolls
  3 shadow imps
  A white imp (D:6)
  3 ufetubi
  A worm (D:3)
  2 dart slugs
  42 orcs
  5 ball pythons
  5 endoplasms
  4 giant cockroaches
  12 goblins
  8 hobgoblins
  2 jackals (D:2)
  10 kobolds
  A quokka (D:1)
  2 bats
  4 rats
376 creatures vanquished.

Vanquished Creatures (collateral kills)
  3 dread liches
  An ancient lich (Vaults:5)
  An orb of fire (Zot:1)
  2 juggernauts (Depths:3)
  Mennas (Vaults:3)
  Sojobo (Depths:2)
  Frederick (Vaults:5)
  Vashnia (Snake:4)
  Margery (Vaults:5)
  Xtahua (Vaults:5)
  4 caustic shrikes (Depths:3)
  the Enchantress (Depths:2)
  6 golden dragons
  2 hellephants (Depths:2)
  Jorgrun (Swamp:1)
  4 tentacled monstrosities
  A walking crystal tome (Depths:3)
  2 liches
  An Ice Fiend (Depths:2)
  Asterion (Snake:1)
  2 quicksilver dragons
  3 deep elf blademasters (Elf:3)
  2 titans
  4 deep elf master archers (Elf:3)
  8 sphinxes
  6 eldritch tentacles
  2 thorn hunters
  Agnes (Snake:4)
  5 shadow dragons
  11 tengu reavers
  5 storm dragons
  5 nagarajas (Snake:4)
  A draconian monk (Depths:4)
  15 fire giants
  3 iron dragons
  8 frost giants
  2 draconian shifters (Zot:1)
  15 vault wardens
  A caustic shrike zombie (Depths:2)
  A nargun (Depths:2)
  4 deep elf sorcerers
  Louise (Swamp:2)
  3 spectral caustic shrikes (Depths:4)
  A draconian stormcaller (Zot:1)
  3 deep elf elementalists (Elf:3)
  2 draconian annihilators (Zot:1)
  3 orc warlords
  8 spriggan defenders
  2 reapers (Depths:2)
  21 stone giants
  A war gargoyle (Vaults:4)
  10 ironbound preservers
  A juggernaut skeleton (Depths:3)
  42 very ugly things
  9 ironbound thunderhulks
  5 eleionomae
  5 black draconians
  3 deep elf demonologists
  A green draconian (Depths:4)
  Azrael (D:12)
  6 bunyips
  A wendigo (Depths:2)
  13 dire elephants
  6 spark wasps
  A minotaur (Gauntlet)
  7 deep elf annihilators
  4 red draconians
  5 deep elf death magi
  6 yellow draconians
  15 ettins
  7 fire dragons
  Josephine (D:13)
  An entropy weaver (shapeshifter) (Elf:1)
  2 deep elf high priests
  9 yaktaur captains
  A shambling mangrove (Swamp:4)
  2 entropy weavers
  A spriggan zombie (Depths:3)
  4 catoblepae
  A vault guard (Vaults:3)
  10 ice dragons
  A ghost crab (Swamp:3)
  5 great orbs of eyes
  2 peacekeepers
  4 ogre magi
  2 caustic shrike simulacra (Depths:2)
  4 rakshasas (Depths:1)
  9 spriggan air magi
  15 hydras
  11 ironbound frosthearts
  11 anacondas
  14 dancing weapons
  4 boulder beetles
  7 alligators
  A boulder beetle (shapeshifter) (Elf:2)
  22 centaur warriors
  6 two-headed ogres
  8 deep troll earth magi
  4 death yaks (Lair:5)
  7 hell hogs (Depths:2)
  A titan zombie (Depths:2)
  10 deep troll shamans
  2 orc high priests
  10 spriggan berserkers
  2 tengu warriors (Depths:2)
  A vampire mage (Depths:1)
  19 naga sharpshooters
  7 shock serpents
  14 naga warriors
  11 deep elf knights
  2 sun demons (Depths:2)
  23 hell knights
  13 iron trolls
  A titan skeleton (Vaults:2)
  4 salamander mystics
  A soul eater (Depths:2)
  4 spriggan druids
  4 glowing orange brains
  10 skeletal warriors
  A skyshark (Lair:4)
  7 goliath frogs
  6 sea snakes (Snake:4)
  43 deep trolls
  5 naga ritualists
  10 swamp dragons
  8 wizards
  2 flayed ghosts
  16 deep elf archers
  28 deep elf pyromancers
  A sphinx zombie (Depths:3)
  25 deep elf zephyrmancers
  5 bog bodies
  7 necromancers
  A tengu zombie (Vaults:1)
  2 phantasmal warriors
  21 ironbound convokers
  8 orc knights
  A shadow dragon skeleton (Depths:2)
  10 harpies
  13 lindwurms
  An oklob plant (Lair:4)
  8 mana vipers
  2 orc sorcerers
  6 manticores
  40 ugly things
  A stone giant zombie (Vaults:1)
  20 salamanders
  6 will-o-the-wisps
  A manticore (shapeshifter) (D:15)
  5 cyclopes
  A moth of wrath (Zot:1)
  A cyclops (shapeshifter) (D:14)
  3 tengu skeletons
  11 elephants
  A stone giant skeleton (Vaults:2)
  34 black mambas
  14 vault sentinels
  6 cane toads
  12 naga magi
  6 human skeletons
  3 apocalypse crabs (Zot:1)
  A fire giant skeleton (Vaults:2)
  7 guardian serpents
  2 rime drakes (Swamp:4)
  An efreet (D:13)
  2 kobold demonologists
  10 yaktaurs
  6 komodo dragons
  4 tengu conjurers
  A golden dragon simulacrum (Depths:2)
  2 yaktaur skeletons (Vaults:2)
  7 freezing wraiths
  6 trolls
  6 tyrant leeches
  2 bloated husks
  Prince Ribbit (Bailey)
  A shadow dragon simulacrum (Vaults:1)
  A sphinx simulacrum (Depths:3)
  5 blink frogs (Lair:4)
  A stone giant simulacrum (Depths:2)
  24 slime creatures
  15 hornets
  A slime creature (shapeshifter) (Vaults:5)
  3 centaur simulacra
  4 water elementals
  5 wraiths
  A wyvern (Lair:1)
  3 air elementals
  23 yaks
  21 spriggans
  2 basilisks
  3 humans (Bailey)
  2 golden eyes (shapeshifter)
  2 redbacks (Vaults:2)
  7 fire elementals
  2 steam dragons (D:9)
  8 vampire mosquitoes
  49 nagas
  11 swamp worms
  2 hell hounds (D:12)
  A water moccasin (Lair:1)
  A floating eye (shapeshifter) (Vaults:1)
  16 orc warriors
  8 swamp drakes
  2 spriggan simulacra (Depths:2)
  A black bear (D:8)
  5 wolves (Lair:3)
  4 boggarts (D:15)
  6 centaurs
  4 ogres
  A nameless horror (Vaults:4)
  3 bullfrogs
  3 kobold brigands
  A human zombie (Vaults:1)
  4 gnoll sergeants (D:10)
  An earth elemental (Elf:3)
  3 wights (D:8)
  6 howler monkeys
  12 orc priests
  6 orc wizards
  3 gnolls (D:10)
  27 orcs
  5 kobolds (D:11)
1420 creatures vanquished.

Vanquished Creatures (others)
  A caustic shrike (Depths:3)
  A curse toe (Zot:1)
  Nikola (Swamp:1)
  A titan (Depths:2)
  60 eldritch tentacles
  A vault warden (Vaults:4)
  A spriggan defender (Depths:2)
  A deep elf demonologist (Elf:2)
  An eleionoma (Swamp:1)
  A purple draconian (Zot:1)
  A catoblepas (Lair:4)
  A centaur warrior (Vaults:3)
  3 hydras
  An ironbound frostheart (Vaults:4)
  2 naga warriors (Snake:1)
  A deep troll shaman (Depths:2)
  An alligator (Swamp:1)
  6 death yaks
  2 two-headed ogres
  A hell hog (Depths:2)
  A shock serpent (Snake:1)
  A naga sharpshooter (Snake:3)
  Sonja (Lair:3)
  A deep troll (Depths:3)
  A naga ritualist (Snake:1)
  2 wizards
  A bog body (Lair:3)
  A deep elf pyromancer (Elf:1)
  3 deep elf zephyrmancers
  A deep elf archer (Elf:3)
  An ugly thing (D:15)
  A moth of wrath (Zot:1)
  A manticore (D:14)
  2 will-o-the-wisps (Swamp:1)
  An elephant (Gauntlet)
  A black mamba (Lair:5)
  A cane toad (Lair:2)
  A freezing wraith (D:14)
  2 komodo dragons
  A troll (D:10)
  A hornet (Depths:3)
  3 bloated husks
  A slime creature (Vaults:4)
  A shadow (D:10)
  A human (Bailey)
  An air elemental (Elf:1)
  6 yaks
  A basilisk (D:13)
  4 vampire mosquitoes (D:12)
  A naga (Snake:1)
  A swamp worm (Swamp:1)
  A water moccasin (Lair:3)
  2 orc warriors
  2 kobold brigands
  A gnoll sergeant (D:10)
  2 orc priests (Orc:1)
  An iguana (D:5)
  3 orcs
  144 foxfires
  64 snaplasher vines
354 creatures vanquished.

Grand Total: 2150 creatures vanquished

Notes
Turn   | Place    | Note
-------+----------+-------------------------------------------
     0 | D:1      | Strat the Djinni Fire Elementalist began the quest for the
                  | Orb.
     0 | D:1      | Strat set off with the following spells memorised: Foxfire,
                  | Scorch, Volatile Blastmotes, Inner Flame, Flame Wave.
     0 | D:1      | Reached XP level 1. HP: 15/15 MP: 0/0
   325 | D:1      | Reached XP level 2. HP: 22/22 MP: 0/0
   344 | D:1      | Reached skill level 1 in Fighting
   745 | D:2      | Reached XP level 3. HP: 24/28 MP: 0/0
   745 | D:2      | Learned a level 1 spell: Beastly Appendage
   756 | D:2      | Reached skill level 3 in Spellcasting
   788 | D:2      | Reached XP level 4. HP: 24/33 MP: 0/0
  1353 | D:2      | Found Henelo's Antique Weapon Shoppe.
  1980 | D:3      | Reached XP level 5. HP: 36/39 MP: 0/0
  1980 | D:3      | Learned a level 2 spell: Wereblood
  2370 | D:3      | Found a runed translucent door.
  2371 | D:3      | Noticed Crazy Yiuf
  2378 | D:3      | Killed Crazy Yiuf
  2781 | D:4      | Reached skill level 4 in Spellcasting
  2781 | D:4      | Reached XP level 6. HP: 40/46 MP: 0/0
  3344 | D:5      | Entered Level 5 of the Dungeon
  3366 | D:5      | Noticed a wyvern
  3416 | D:5      | Noticed Eustachio
  3433 | D:5      | Killed Eustachio
  3434 | D:5      | Reached skill level 5 in Spellcasting
  3434 | D:5      | Reached XP level 7. HP: 25/50 MP: 0/0
  3434 | D:5      | Learned a level 3 spell: Summon Guardian Golem
  3686 | D:5      | Noticed Pikel
  3751 | D:5      | Killed Pikel
  3752 | D:5      | Reached skill level 6 in Spellcasting
  3752 | D:5      | Reached XP level 8. HP: 34/58 MP: 0/0
  3869 | D:5      | Killed a wyvern
  3890 | D:5      | Reached skill level 7 in Spellcasting
  4118 | D:5      | Found a staircase to the Ecumenical Temple.
  4136 | Temple   | Entered the Ecumenical Temple
  4388 | Temple   | Became a worshipper of Makhleb the Destroyer
  4749 | D:5      | Reached XP level 9. HP: 56/64 MP: 0/0
  4749 | D:5      | Learned a level 4 spell: Summon Lightning Spire
  4805 | D:6      | Reached skill level 5 in Fighting
  5026 | D:6      | Reached skill level 8 in Spellcasting
  5316 | D:6      | Reached * piety under Makhleb
  6366 | D:8      | Noticed Grum
  6374 | D:7      | Killed Grum
  6465 | D:8      | Reached XP level 10. HP: 68/72 MP: 0/0
  6576 | D:8      | Reached skill level 9 in Spellcasting
  6753 | D:8      | Reached skill level 5 in Dodging
  6869 | D:8      | Found a staircase to the Lair.
  7571 | D:9      | Reached ** piety under Makhleb
  7639 | D:9      | Reached skill level 10 in Spellcasting
  7650 | D:9      | Found a flagged portal.
  7659 | Bailey   | Entered a bailey
  7676 | Bailey   | Reached XP level 11. HP: 41/79 MP: 0/0
  7676 | Bailey   | Learned a level 4 spell: Fulminant Prism
  7832 | Bailey   | Noticed a vault guard
  7852 | Bailey   | Killed a vault guard
  7859 | Bailey   | Noticed Prince Ribbit
  7859 | Bailey   | Noticed a vault guard
  7861 | Bailey   | Killed Prince Ribbit
  7882 | Bailey   | Killed a vault guard
  8130 | D:9      | Found a shadowy altar of Dithmenos.
  8205 | D:10     | Entered Level 10 of the Dungeon
  8224 | D:10     | Reached *** piety under Makhleb
  8228 | D:10     | Reached skill level 11 in Spellcasting
  8279 | D:10     | Noticed a two-headed ogre
  8294 | D:10     | Killed a two-headed ogre
  8673 | D:10     | Found a staircase to the Orcish Mines.
  9166 | D:10     | Reached XP level 12. HP: 88/88 MP: 0/0
  9168 | D:10     | Identified 3 scrolls of acquirement
  9168 | D:10     | Acquired 1088 gold pieces
  9172 | D:10     | Acquired a +0 kite shield of protection
  9174 | D:10     | Acquired 1165 gold pieces
  9365 | D:11     | Noticed a two-headed ogre
  9367 | D:11     | Reached skill level 1 in Shields
  9381 | D:11     | Killed a two-headed ogre
  9598 | D:11     | Noticed a boulder beetle
  9712 | D:11     | Killed a boulder beetle
 10014 | D:11     | Reached **** piety under Makhleb
 10485 | D:12     | Noticed Azrael
 10617 | Lair:1   | Entered Level 1 of the Lair of Beasts
 10676 | Lair:1   | Noticed a catoblepas
 10704 | Lair:1   | Killed a catoblepas
 10929 | Lair:1   | Reached skill level 12 in Spellcasting
 11671 | Lair:2   | Found a staircase to the Snake Pit.
 11681 | Lair:2   | Reached skill level 10 in Dodging
 12050 | Lair:2   | Noticed a four-headed hydra
 12055 | Lair:2   | Killed a four-headed hydra
 12056 | Lair:2   | Reached XP level 13. HP: 94/94 MP: 0/0
 12056 | Lair:2   | Learned a level 5 spell: Summon Forest
 12208 | Lair:2   | Noticed a catoblepas
 12232 | Lair:2   | Killed a catoblepas
 12309 | Lair:2   | Identified the +6 spear of the Demagogue {speed, rPois rC+}
 12738 | Lair:3   | Noticed Sonja
 12791 | Lair:3   | Reached skill level 5 in Shields
 12798 | Lair:3   | Killed Sonja
 12938 | Lair:3   | Noticed a five-headed hydra
 12952 | Lair:3   | Killed a five-headed hydra
 12953 | Lair:3   | Reached skill level 10 in Fighting
 13240 | Lair:3   | Found a staircase to the Swamp.
 13365 | Lair:3   | Reached skill level 13 in Spellcasting
 13948 | Lair:4   | Noticed a catoblepas
 13966 | Lair:4   | Killed a catoblepas
 14273 | Lair:4   | Reached XP level 14. HP: 91/103 MP: 0/0
 14322 | Lair:4   | Found a viscous altar of Jiyva.
 14322 | Lair:4   | Found a staircase to the Slime Pits.
 14540 | Lair:4   | Reached ***** piety under Makhleb
 15161 | Lair:5   | Entered Level 5 of the Lair of Beasts
 15804 | Lair:5   | Reached skill level 14 in Spellcasting
 16700 | Orc:1    | Entered Level 1 of the Orcish Mines
 17007 | Orc:2    | Entered Level 2 of the Orcish Mines
 17038 | Orc:2    | Found a staircase to the Elven Halls.
 17048 | Orc:2    | Found Sofiesor's Armour Shop.
 17180 | Orc:2    | Found Heamp's Antique Weapon Shoppe.
 17300 | Orc:2    | Found Kahuu's Armour Shop.
 17529 | Orc:2    | Reached ****** piety under Makhleb
 17537 | Orc:2    | Noticed an orc warlord
 17540 | Orc:2    | Upgraded the game from 0.30.0-18-gc0e69614cb to
                  | 0.30.0-19-g36f170ea60
 17546 | Orc:2    | Killed an orc warlord
 17557 | Orc:2    | Reached XP level 15. HP: 112/112 MP: 0/0
 17557 | Orc:2    | Learned a level 6 spell: Plasma Beam
 17645 | Orc:2    | Found Jesi's Armour Emporium.
 17812 | Orc:2    | Found Sat Put's Antique Armour Shop.
 17814 | Orc:2    | Found Xakul's Antique Weapon Boutique.
 18119 | Orc:2    | Found Furebb's Magic Scroll Emporium.
 18371 | D:12     | Reached skill level 1 in Invocations
 19022 | D:12     | Killed Azrael
 19023 | D:12     | Reached skill level 15 in Spellcasting
 19388 | D:13     | Found a gate leading to a gauntlet.
 19419 | Gauntlet | Entered a Gauntlet
 19419 | Gauntlet | Found a transporter.
 19428 | Gauntlet | Found a transporter.
 19446 | Gauntlet | Found a transporter.
 19449 | Gauntlet | Found a transporter.
 19470 | Gauntlet | Found a transporter.
 19483 | Gauntlet | Found a transporter.
 19497 | Gauntlet | Found a transporter.
 19524 | Gauntlet | Found a transporter.
 19524 | Gauntlet | Found a transporter.
 19524 | Gauntlet | Found a runed translucent gate.
 19524 | Gauntlet | Found a runed translucent gate.
 19530 | Gauntlet | Found a transporter.
 19535 | Gauntlet | Found a runed translucent gate.
 19553 | Gauntlet | Identified the +1 robe of the Cooper {rC+ Str+6 Int-2}
 19555 | Gauntlet | Identified the +2 helmet of the Arcane {Harm *Slow Fly}
 19622 | Gauntlet | Found a runed translucent door.
 19654 | Gauntlet | Identified the +8 great sword of Mufek {drain, rN+ rCorr}
 19654 | Gauntlet | Identified the +11 war axe of Royalism {flame, rC+ rN++
                  | Dex-2}
 20238 | D:13     | Noticed Josephine
 20243 | D:13     | Killed Josephine
 20302 | D:13     | Reached skill level 10 in Shields
 21148 | D:14     | Reached skill level 5 in Invocations
 21289 | D:14     | Found a frozen archway.
 21618 | D:14     | Reached XP level 16. HP: 76/120 MP: 0/0
 22094 | D:14     | Found a gate to the Vaults.
 22358 | D:15     | Entered Level 15 of the Dungeon
 22522 | D:15     | Found a staircase to the Depths.
 23788 | Swamp:1  | Entered Level 1 of the Swamp
 23791 | Swamp:1  | Noticed Donald
 23861 | Lair:3   | Killed Donald
 24179 | Swamp:1  | Noticed Nikola
 24189 | Swamp:1  | Killed Nikola
 24297 | Swamp:1  | Noticed Jorgrun
 24369 | Swamp:1  | Killed Jorgrun
 25044 | Snake:1  | Entered Level 1 of the Snake Pit
 25044 | Snake:1  | Found Vuqopemn's Assorted Antiques.
 25083 | Snake:1  | Bought a potion of invisibility for 256 gold pieces
 25247 | Snake:1  | Reached XP level 17. HP: 129/129 MP: 0/0
 25247 | Snake:1  | Learned a level 7 spell: Spellforged Servitor
 25475 | Snake:1  | Noticed Asterion
 25652 | Snake:1  | Killed Asterion
 26063 | Snake:1  | Acquired the +2 hat of Wyxawati {Rampage rC++ rN+ Int+3}
 26965 | Snake:3  | Reached skill level 10 in Invocations
 27055 | Snake:3  | Found Uduneratt's Armour Shop.
 27168 | Snake:3  | Found Obowk's Antique Armour Shoppe.
 27172 | Snake:3  | Reached XP level 18. HP: 100/135 MP: 0/0
 27220 | Snake:3  | Found Giopradiy's Magic Scroll Boutique.
 27242 | Snake:3  | Bought a scroll of blinking for 135 gold pieces
 27242 | Snake:3  | Bought a scroll of blinking for 135 gold pieces
 27242 | Snake:3  | Bought a scroll of blinking for 135 gold pieces
 27242 | Snake:3  | Bought a scroll of magic mapping for 135 gold pieces
 27242 | Snake:3  | Bought a scroll of summoning for 171 gold pieces
 27342 | Snake:3  | Reached skill level 16 in Spellcasting
 27545 | Snake:3  | Found Enoo's Magic Scroll Shop.
 27567 | Snake:3  | Bought a scroll of enchant armour for 120 gold pieces
 27567 | Snake:3  | Bought a scroll of summoning for 152 gold pieces
 27741 | Snake:3  | Found Imatoaq's Antique Armour Shop.
 27745 | Snake:3  | Found Lidd's Distillery.
 27751 | Snake:3  | Bought a potion of heal wounds for 80 gold pieces
 27751 | Snake:3  | Bought a potion of heal wounds for 80 gold pieces
 27965 | Snake:4  | Entered Level 4 of the Snake Pit
 28084 | Snake:4  | Noticed Agnes
 28100 | Snake:4  | Killed Agnes
 28642 | Snake:4  | Noticed Vashnia
 28662 | Snake:4  | Killed Vashnia
 29359 | Snake:4  | Reached skill level 17 in Spellcasting
 29397 | Snake:4  | Got a serpentine rune of Zot
 29833 | Swamp:2  | Reached XP level 19. HP: 141/141 MP: 0/0
 29833 | Swamp:2  | Learned a level 7 spell: Malign Gateway
 30150 | Swamp:2  | Noticed Louise
 30159 | Swamp:2  | Killed Louise
 30193 | Swamp:2  | Found a basalt altar of Yredelemnul.
 30376 | Swamp:2  | Reached skill level 15 in Fighting
 31308 | Swamp:4  | Entered Level 4 of the Swamp
 31446 | Swamp:4  | Reached skill level 18 in Spellcasting
 31692 | Swamp:4  | Got a decaying rune of Zot
 32430 | Vaults:1 | Entered Level 1 of the Vaults
 32466 | Vaults:1 | Reached XP level 20. HP: 151/151 MP: 0/0
 34525 | Vaults:2 | Reached skill level 19 in Spellcasting
 34735 | Vaults:2 | Reached XP level 21. HP: 158/158 MP: 0/0
 34735 | Vaults:2 | Learned a level 7 spell: Orb of Destruction
 36060 | Vaults:2 | Found a staircase to the Crypt.
 36354 | Vaults:3 | Noticed Mennas
 37511 | Vaults:3 | Identified the ring of the Ego {rF+ Dex+3}
 37938 | Vaults:3 | Killed Mennas
 38001 | Vaults:3 | Reached skill level 20 in Spellcasting
 38085 | Vaults:3 | Identified the amulet of Autotheism {Reflect Fly rCorr
                  | Int-2 SH+5}
 38580 | Vaults:4 | Reached XP level 22. HP: 168/168 MP: 0/0
 39608 | Vaults:4 | Found Oqeav's Distillery.
 39616 | Vaults:4 | Bought a potion of heal wounds for 60 gold pieces
 39616 | Vaults:4 | Bought a potion of haste for 120 gold pieces
 39616 | Vaults:4 | Bought 2 potions of invisibility for 192 gold pieces
 40291 | Vaults:5 | Entered Level 5 of the Vaults
 40298 | Vaults:5 | Noticed a golden dragon
 40302 | Vaults:5 | Noticed a dread lich
 40528 | Depths:1 | Entered Level 1 of the Depths
 40593 | Depths:1 | Found a runed translucent gate.
 40593 | Depths:1 | Found a runed translucent gate.
 40593 | Depths:1 | Found a runed translucent gate.
 40595 | Depths:1 | Found an opulent altar of Gozag.
 40595 | Depths:1 | Noticed a caustic shrike
 40598 | Depths:1 | Noticed Gucom's ghost (veteran GnFi)
 40717 | Depths:1 | Reached skill level 21 in Spellcasting
 41133 | Depths:1 | Found a gateway to Hell.
 41244 | Depths:1 | Identified the +1 spear of Anxiety {freeze, Will+}
 41245 | Depths:1 | Identified the +1 flail of the Smoking Boar {pain, *Noise
                  | rElec Int+5 Stlth+}
 41706 | Depths:1 | Reached XP level 23. HP: 172/176 MP: 0/0
 41706 | Depths:1 | Learned a level 8 spell: Infestation
 42418 | Depths:1 | Found a runed translucent gate.
 42418 | Depths:1 | Found a runed translucent gate.
 42418 | Depths:1 | Found a runed translucent gate.
 42421 | Depths:1 | Noticed a golden dragon
 42510 | Depths:1 | Found a runed translucent gate.
 42510 | Depths:1 | Found a runed translucent gate.
 42510 | Depths:1 | Found a runed translucent gate.
 43416 | Orc:2    | Bought the +1 leather armour of the Spheres {rElec} for 252
                  | gold pieces
 43817 | Depths:2 | Reached skill level 1 in Armour
 44434 | Depths:2 | Found a one-way gateway to a ziggurat.
 44506 | Depths:2 | Reached skill level 1 in Long Blades
 44576 | Depths:2 | Noticed Sojobo
 44674 | Depths:2 | Killed Sojobo
 44850 | Depths:2 | Found a broken altar of Ashenzari.
 44879 | Depths:2 | Noticed the Enchantress
 45169 | Depths:2 | Found a one-way gate to the infinite horrors of the Abyss.
 45243 | Depths:2 | Reached skill level 22 in Spellcasting
 45355 | Depths:2 | Killed the Enchantress
 45996 | Depths:2 | Found a one-way gate leading to the halls of Pandemonium.
 46909 | Depths:2 | Reached XP level 24. HP: 179/186 MP: 0/0
 47502 | Depths:3 | Reached skill level 5 in Armour
 47550 | Depths:3 | Found a sparkling altar of Nemelex Xobeh.
 47717 | Depths:3 | Identified the +3 hand axe "Impslayer" {flame, Str+3 Int+3}
 47781 | Depths:3 | Found a transporter.
 47832 | Depths:3 | Noticed a golden dragon
 47841 | Depths:3 | Killed a golden dragon
 47915 | Depths:3 | Identified the +5 hand axe of Subterfuge {heavy, Fly rC-
                  | rCorr Int+3}
 47993 | Depths:3 | Noticed a golden dragon
 48005 | Depths:3 | Killed a golden dragon
 48200 | Depths:3 | Noticed a golden dragon
 48328 | Depths:3 | Killed a golden dragon
 48737 | Depths:3 | Reached skill level 5 in Long Blades
 48786 | Depths:3 | Noticed a juggernaut
 48793 | Depths:3 | Killed a juggernaut
 48813 | Depths:3 | Noticed a juggernaut
 48840 | Depths:3 | Killed a juggernaut
 49231 | Depths:3 | Acquired a manual of Armour
 49351 | Depths:3 | Found a transporter.
 49592 | Depths:3 | Noticed a caustic shrike
 49598 | Depths:3 | Killed a caustic shrike
 49609 | Depths:3 | Noticed a golden dragon
 49624 | Depths:3 | Killed a golden dragon
 49648 | Depths:3 | Noticed a caustic shrike
 49658 | Depths:3 | Killed a caustic shrike
 49760 | Depths:3 | Noticed a caustic shrike
 49766 | Depths:3 | Killed a caustic shrike
 49767 | Depths:3 | Reached XP level 25. HP: 190/194 MP: 0/0
 49767 | Depths:3 | Learned a level 9 spell: Chain Lightning
 49784 | Depths:3 | Noticed a caustic shrike
 49803 | Depths:3 | Killed a caustic shrike
 49917 | Depths:3 | Noticed a caustic shrike
 49937 | Depths:3 | Killed a caustic shrike
 50233 | Depths:3 | Noticed a dread lich
 50544 | Depths:3 | Identified the +3 chain mail "Ypoiserphol" {rPois}
 50546 | Depths:3 | Identified the staff of poison "Tiulaehe" {+Blink Fly rPois
                  | rF++}
 50619 | Depths:3 | Identified the staff of fire "Iczuh" {*Corrode rF+ Will-
                  | Str+2 Int+8}
 50716 | Depths:3 | Identified the +1 whip "Zughacyu" {heavy, Fly Str+8 Dex-5}
 50788 | Depths:4 | Entered Level 4 of the Depths
 51667 | Depths:4 | Reached skill level 23 in Spellcasting
 52015 | Depths:4 | Found a gate to the Realm of Zot.
 52704 | Depths:4 | Found Xegakub's Self-Improvement Boutique.
 52784 | Depths:4 | Reached skill level 10 in Armour
 53232 | Elf:1    | Entered Level 1 of the Elven Halls
 53513 | Elf:1    | Acquired a manual of Long Blades
 54117 | Elf:1    | Paralysed by an air elemental for 1 turns
 54954 | Elf:2    | Found a runed translucent gate.
 54955 | Elf:2    | Found a runed translucent gate.
 54955 | Elf:2    | Found a runed translucent gate.
 55007 | Elf:2    | Paralysed by an air elemental for 1 turns
 55009 | Elf:2    | Paralysed by an air elemental for 1 turns
 55450 | Elf:3    | Entered Level 3 of the Elven Halls
 55490 | Elf:3    | Reached XP level 26. HP: 188/202 MP: 0/0
 56776 | Elf:3    | Paralysed by an air elemental for 1 turns
 56857 | Elf:3    | Paralysed by an air elemental for 1 turns
 56859 | Elf:3    | Paralysed by an air elemental for 1 turns
 57586 | Elf:3    | Identified the ring "Xanoemot" {Will+ AC+4}
 57774 | Elf:3    | Identified the amulet "Tathram" {Reflect rElec rF- rC++
                  | Int+9 SH+5}
 57959 | Elf:3    | Identified the ring "Tokhuge" {rPois rC+ Str+3 Slay+4}
 58212 | Elf:3    | Identified the +8 sling "Irisis" {drain, Str+3}
 58226 | Elf:3    | Identified the staff of death "Mamehoib" {rC+ rN+ Str+2}
 58236 | Elf:3    | Identified the staff of conjuration "Ikhoc" {rPois rC-
                  | Dex+6 Stlth+}
 58251 | Elf:3    | Found the +15 Maxwell's patent armour {-Cast -Tele rElec
                  | Will+ rCorr}
 58251 | Elf:3    | Identified the +1 robe of Xaaxopev {Harm rCorr Str+2 Dex+2}
 58280 | Elf:3    | Identified the staff of conjuration "Hame Guff" {rF+ rC+
                  | Int+5}
 58282 | Elf:3    | Identified the staff of conjuration "Anumaxti" {+Blink Fly
                  | rPois}
 58803 | Vaults:4 | Reached skill level 24 in Spellcasting
 58902 | Vaults:4 | Killed a dread lich
 58903 | Vaults:4 | Reached skill level 10 in Long Blades
 59325 | Vaults:5 | Identified the +9 trident of Valiance {freeze, rPois rF+
                  | Str+2}
 59776 | Vaults:5 | Identified the +9 war axe of Youthful Indiscretion {heavy,
                  | rPois Int+2 SInv Stlth+}
 59801 | Vaults:5 | Identified the +0 tower shield of Qazlal's Supremacy
                  | {Contam Fly MP+9 SInv}
 59848 | Vaults:5 | Noticed Xtahua
 59852 | Vaults:5 | Killed Xtahua
 59898 | Vaults:5 | Identified the +1 robe of Refuge {rCorr}
 59917 | Vaults:5 | Identified the +3 flail of Superiority {holy, rCorr MP+9}
 59921 | Vaults:5 | Noticed an ancient lich
 60023 | Vaults:5 | Killed an ancient lich
 60456 | Vaults:5 | Noticed Margery
 60472 | Vaults:5 | Reached XP level 27. HP: 175/208 MP: 0/0
 60472 | Vaults:5 | Learned a level 9 spell: Shatter
 60476 | Vaults:5 | Killed Margery
 60611 | Vaults:5 | Noticed a dread lich
 61519 | Vaults:5 | Identified the +7 ring mail of Librios {Str+2 Int-4 Dex+6}
 61563 | Vaults:5 | Identified the +10 trident of Agusaez {spect, Fragile rPois
                  | Str+4 Dex+3}
 61575 | Vaults:5 | Killed a dread lich
 61680 | Vaults:5 | Got a silver rune of Zot
 61834 | Vaults:5 | Noticed Frederick
 61847 | Vaults:5 | Killed Frederick
 62729 | Depths:3 | Killed a dread lich
 62859 | Zot:1    | Entered Level 1 of the Realm of Zot
 63432 | Zot:1    | Reached skill level 25 in Spellcasting
 64071 | Zot:1    | Noticed an orb of fire
 64417 | Zot:1    | Killed an orb of fire
 65827 | Zot:1    | Slain by a deathcap

Illustrated notes

Levels and vault maps discovered:
D:1:      co_arrival_two_rings, layout_loops_cross, amethyst_killhole
D:2:      layout_basic, serial_shops, shop, corexii_hall_statues_u,
          minmay_misc_feat_doors
D:3:      layout_basic, uniq_crazy_yiuf_cottage
D:4:      layout_loops_ring
D:5:      layout_basic, minmay_temple_entry_glassed_door, uniq_eustachio,
          uniq_pikel
D:6:      layout_rooms, minmay_misc_feat_room
D:7:      layout_basic, dreamdust_mushroom_princess
D:8:      layout_layer_cave, due_lair_maze_entry_diamond, uniq_grum
D:9:      layout_rooms, mainiacjoe_overflow_swirl, enter_bailey_3
D:10:     layout_long_grid, kennysheep_orc_monster_closet_entryway
D:11:     layout_loops_ring
D:12:     layout_long_grid, uniq_azrael
D:13:     layout_basic, gauntlet_entry_generic, uniq_josephine
D:14:     layout_roguey, david_vaults_4, portal_ice_cave_entry_ugly_swarm
D:15:     hangedman_depths_entry_try_elsewhere_first, layout_irregular_city
Temple:   mainiacjoe_temple_cubbyholes
Lair:1:   layout_hall_layers, chequers_serial_rivers_micro_e, fungi_pond_lemuel
Lair:2:   layout_layer_cave, guppyfry_snake_entry_island, enter_volcano_4,
          beast_lair_carwin_4
Lair:3:   layout_loops_ring, skrybe_swamp_entry_bodies, grunt_megastairs_2,
          infiniplex_staircase_pool, uniq_sonja
Lair:4:   layout_cave_pods, slime_entry_1, minmay_lair_oklob_bushes
Lair:5:   evilmike_catoblepas_cave, layout_cave_shapes, lemuel_fruit_tree
Swamp:1:  layout_falls_marsh, evilmike_swamp_ruin_house_4, uniq_jorgrun,
          uniq_donald, uniq_nikola
Swamp:2:  layout_basic_swamp, evilmike_swamp_ruin_house_3, grunt_ruined_hall,
          uniq_louise
Swamp:3:  layout_basic_swamp, hangedman_swamp_ruin_hall
Swamp:4:  swamp_alternative, layout_basic_swamp, swamp_pool2
Snake:1:  layout_onion, serial_shops, shop, nicolae_snake_salamander_jacuzzi,
          uniq_asterion
Snake:2:  layout_basic
Snake:3:  layout_onion, serial_shops, shop, nicolae_shop_stone, shop, shop,
          nicolae_snake_shapes, minmay_shoptagon, grunt_megastairs_3
Snake:4:  grunt_snake_rune_pools, layout_chambers, uniq_agnes, uniq_vashnia
Orc:1:    layout_caves, basic_altar
Orc:2:    grunt_orc_community_town_hall, layout_diamond_mine,
          grunt_orc_community_big_house_1, grunt_orc_community_big_house_1,
          grunt_orc_community_house_1, grunt_orc_community_house_2,
          grunt_orc_community_house_2, grunt_orc_community_house_3,
          serial_shops, shop, nicolae_shop_statue_plus, shop, led_sif_book
Elf:1:    eino_elf_arrival_shootout, layout_geoelf_octagon, minmay_elf_sorcery
Elf:2:    nicolae_elf_blades_crystal_corner, layout_geoelf_octagon,
          dreamdust_wishing_well
Elf:3:    minmay_elf_hall, layout_gridlike, nicolae_twisting_strands,
          st_stairs_4
Vaults:1: grunt_vaults_trifunnel, nicolae_vaults_heart-shaped_vault,
          nicolae_vaults_prndl, nicolae_vaults_little_squares_2,
          nicolae_vaults_prndl, grunt_vaults_hallway_short,
          nicolae_vaults_storage_closets_2, nicolae_vaults_cornered_office,
          nicolae_vaults_border_crossing, v_pattern_4, nicolae_vaults_mush_room,
          grunt_vaults_diagonal, nicolae_vaults_house_2, layout_vaults_omnibox
Vaults:2: nicolae_vaults_network_square, minmay_crypt_entry_skeletal_spiral,
          v_misc_17, hangedman_vaults_corner_blocks,
          nicolae_vaults_closet_pinwheel_4, v_misc_5,
          nicolae_vaults_angled_halls, nicolae_vaults_alarming,
          nicolae_vaults_shelves_hall, vaults_mumra_lcd,
          nicolae_vaults_sealed_display, dpeg_vaults_monster_box,
          layout_vaults_omnigrid
Vaults:3: v_misc_13, nicolae_vaults_steering_wheel, vaults_dpeg_cross,
          v_misc_18, nicolae_vaults_closet_pinwheel_1,
          nicolae_vaults_tetromino_T_1, v_misc_4,
          nicolae_vaults_ring_of_whatevers, hangedman_vaults_slice,
          nicolae_vaults_tetromino_T_1, ontoclasm_vaults_misaligned,
          nicolae_vaults_heart-shaped_vault, layout_vaults_omnicross,
          uniq_mennas
Vaults:4: nicolae_vaults_closet_pinwheel_4, nicolae_vaults_sesquioval_fish,
          vaults_room_mumra_shop_pool, grunt_vaults_swirl,
          nicolae_vaults_quadrants, nicolae_vaults_trapezoid_lopsided_3,
          nicolae_vaults_little_squares_4, vaults_mumra_hexcomb,
          nicolae_vaults_trapezoid_2, nicolae_vaults_closet_pinwheel_3,
          layout_vaults_ring
Vaults:5: uniq_margery, uniq_frederick, uniq_xtahua
Depths:1: kennysheep_treasure_stockpile, layout_gridlike,
          hangedman_abyss_or_decor_slice, pf_vacation_house_of_asmodeus,
          ebering_ghost_gozag, kennysheep_inner_square
Depths:2: dreamdust_isle_of_ice, layout_long_grid, enter_ziggurat_b,
          grunt_hell_horde, abyss_entry_small_statue_room,
          evilmike_ruin_ashenzari, rand_demon_pan_entry_4, uniq_enchantress,
          uniq_sojobo
Depths:3: grunt_twisty_corner, layout_cave_shapes,
          infiniplex_enter_wizlab_glasses, hell_entry,
          nemelex_spade_bored_becter, hangedman_abyss_entry_splay,
          nicolae_diode_stairs
Depths:4: grunt_bruiser_brothers, layout_gridlike, minivault_14,
          pf_hell_entry_tar_river, nicolae_shop_self_help
Zot:1:    gammafunk_mikee_crab_dinner, layout_gridlike

Skill      XL: |  1  2  3  4  5  6  7  8  9 10 11 12 13 14 15 16 17 18 19 20 21 22 23 24 25 26 27 |
---------------+----------------------------------------------------------------------------------+-----
Fighting       | 1 2 3 4 6 7 8 9 10 12 14 15 16 17 18 19 20 | 20.9
Spellcasting   | 3 4 5 6 7 8 10 11 12 13 14 15 17 18 19 20 21 22 23 24 25 | 25.2
Dodging        | 4 6 8 10 | 10.0
Shields        | 4 6 8 10 12 13 14 | 14.0
Invocations    | 5 8 10 12 13 14 | 14.0
Armour         | 4 7 11 12 | 12.0
Long Blades    | 3 5 7 14 | 14.0
Stealth        | |  1.5

Action                     |  1- 3 |  4- 6 |  7- 9 | 10-12 | 13-15 | 16-18 | 19-21 | 22-24 | 25-27 || total
---------------------------+-------+-------+-------+-------+-------+-------+-------+-------+-------++-------
  Melee: Dagger            |     4 |     2 |       |       |       |       |       |       |       ||     6
         Short sword       |       |    17 |       |       |       |       |       |       |       ||    17
         Scimitar          |       |     1 |       |       |       |       |       |       |       ||     1
         Falchion          |       |       |    52 |   249 |   353 |    64 |    52 |    36 |       ||   806
         Punch             |       |       |       |     4 |       |       |       |       |       ||     4
         Demon blade       |       |       |       |       |       |       |       |    88 |   298 ||   386
   Cast: Foxfire           |    29 |    36 |     7 |       |       |       |       |       |       ||    72
         Scorch            |     2 |    43 |    79 |    46 |     9 |     1 |       |       |       ||   180
         Volatile Blastmot |       |     1 |       |       |       |       |       |       |       ||     1
         Summon Guardian G |       |       |     1 |    25 |    78 |    48 |     2 |     2 |       ||   156
         Flame Wave        |       |       |     3 |    10 |     4 |     3 |       |     1 |     1 ||    22
         Summon Lightning  |       |       |       |    39 |   114 |    78 |   105 |   118 |    83 ||   537
         Summon Forest     |       |       |       |       |    15 |    29 |    10 |    46 |    65 ||   165
         Plasma Beam       |       |       |       |       |     6 |     7 |     4 |     1 |       ||    18
         Spellforged Servi |       |       |       |       |       |    53 |   108 |   147 |   141 ||   449
         Malign Gateway    |       |       |       |       |       |       |     2 |    26 |    39 ||    67
         Shatter           |       |       |       |       |       |       |       |       |     3 ||     3
         Beastly Appendage |       |       |       |       |       |       |       |       |     1 ||     1
  Evoke: Wand              |       |       |       |       |       |    11 |     9 |    14 |     5 ||    39
         Condenser vane    |       |       |       |       |       |     1 |       |     2 |     2 ||     5
    Use: Scroll            |       |    12 |     5 |    12 |     7 |     8 |     4 |    26 |    21 ||    95
         Potion            |       |       |       |     1 |     4 |    10 |     1 |    14 |    10 ||    40
   Stab: Distracted        |       |       |       |     1 |     5 |     2 |     1 |     4 |     7 ||    20
         Sleeping          |       |       |       |       |     2 |       |     1 |       |       ||     3
         Invisible         |       |       |       |       |       |       |       |     2 |       ||     2
 Armour: Robe              |     3 |     3 |       |       |       |       |       |       |       ||     6
         Leather armour    |       |     8 |    43 |   130 |   189 |    77 |    68 |    43 |       ||   558
         Fire dragon scale |       |       |       |       |       |       |       |    76 |   171 ||   247
  Dodge: Dodged            |    11 |    41 |   124 |   525 |   569 |   266 |   136 |   313 |   268 ||  2253
  Block: Buckler           |       |       |       |       |    99 |       |       |       |       ||    99
         Kite shield       |       |       |       |       |    93 |   209 |   162 |   291 |   351 ||  1106
         Reflection        |       |       |       |       |       |       |       |       |    32 ||    32
